 Dungeon Crawl Stone Soup version 0.21-a0-125-gb006224 (webtiles) character file.

618 Tuck the Insei (level 7, 0/45 HPs)
             Began as an Octopode Transmuter on July 14, 2017.
             Succumbed to an orc's poison
             ... on level 3 of the Dungeon.
             The game lasted 00:05:16 (3077 turns).

Tuck the Insei (Octopode Transmuter)                Turns: 3077, Time: 00:05:17

Health: 0/45       AC:  1    Str: 13 (14) XL:     7   Next: 45%
Magic:  9/10       EV: 15    Int: 19 (21) God:
Gold:   176        SH:  0    Dex: 13 (14) Spells: 4/10 levels left

rFire    . . .     SeeInvis .     - Unarmed
rCold    . . .     Gourm    .   (no shield)
rNeg     . . .     Faith    .   (helmet restricted)
rPois    .         Spirit   .   (no amulet)
rElec    .         Reflect  .   (no ring)
rCorr    .         Harm     .   (no ring)
MR       .....                  (no ring)
Stlth    ++........             (no ring)
HPRegen  0.15/turn              (no ring)
MPRegen  0.12/turn              (no ring)
                                (no ring)
                                (no ring)

@: mighty, brilliant, lethally poisoned (0 -> -18)
A: almost no armour, stealthy swim, amphibious, 8 rings, constrict 8, camouflage
1, gelatinous body 1
a: no special abilities


You were on level 3 of the Dungeon.
You were not hungry.

You visited 1 branch of the dungeon, and saw 3 of its levels.

You collected 176 gold pieces.

Inventory:

Missiles
 a - 57 arrows
Jewellery
 n - an uncursed amulet of magic regeneration {unknown}
Scrolls
 e - a scroll of identify
 f - 2 scrolls of immolation
 g - a scroll of amnesia {unknown}
 h - a scroll of fear {unknown}
 i - a scroll of fog {unknown}
 j - a scroll of random uselessness {unknown}
 k - 3 scrolls of teleportation {unknown}
 l - a scroll of enchant armour {unknown}
 o - 2 scrolls of enchant weapon {unknown}
 r - a scroll of blinking {unknown}
 s - a scroll of noise {unknown}
 u - a scroll of recharging {unknown}
Books
 b - a book of Changes

   Spells                             Type                      Level
   a - Beastly Appendage              Transmutation                1
   b - Sticks to Snakes               Transmutation                2
   c - Spider Form                    Transmutation/Poison         3
   d - Ice Form                       Ice/Transmutation            4
   e - Blade Hands                    Transmutation                5
Comestibles
 c - 2 bread rations
 d - 2 meat rations
 m - 5 chunks of flesh


   Skills:
 + Level 2.4 Fighting
 + Level 4.6 Dodging
 + Level 5.1 Unarmed Combat
 - Level 2.0 Spellcasting
 + Level 3.4 Transmutations
 - Level 3.7 Poison Magic


You had 4 spell levels left.
You knew the following spells:

 Your Spells              Type           Power        Failure   Level  Hunger
a - Beastly Appendage     Tmut           ####..       1%          1    #......
b - Sticks to Snakes      Tmut           ####....     1%          2    ###....
c - Spider Form           Tmut/Pois      ####......   1%          3    ###....


Dungeon Overview and Level Annotations

Branches:
Dungeon (3/15)

Altars:


Innate Abilities, Weirdness & Mutations

You cannot wear most types of armour.
You are very stealthy in the water. (Stealth+)
You are amphibious.
You can wear up to eight rings at the same time.
You can use your tentacles to constrict eight enemies at once.
Your skin changes colour to match your surroundings (Stealth+).
Your rubbery body absorbs attacks. (AC +1, EV +1)


Message History

Unknown command.
It was a potion of might.
You feel very mighty all of a sudden.
* * * LOW HITPOINT WARNING * * *
You feel very sick.
There is a lethal amount of poison in your body!
* * * LOW HITPOINT WARNING * * *
You feel sick.
* * * LOW HITPOINT WARNING * * *
You feel sick.
Sorry, you're not good enough to have a special ability.
Unknown command.
* * * LOW HITPOINT WARNING * * *
You feel sick.
* * * LOW HITPOINT WARNING * * *
You feel sick.
You see here a tiny cabochon amulet.
Unknown command.
n - a tiny cabochon amulet You die...

..
#.######.......#
#.......#
##.......#
#..).....###
#...........
#........# #
#........#
#.#####).##.####
#..@..).†##.#
#.....).....#
.....######.####
#.#### #.# ...
.#.. . .# ##


There were no monsters in sight!

Vanquished Creatures
  A kobold demonologist (D:1)
  Sigmund (D:3)
  An orc priest (D:3)
  Terence (D:2)
  An orc wizard (D:3)
  3 adders
  An ooze (D:3)
  A worm (D:2)
  2 dart slugs (D:1)
  5 leopard geckos
  7 orcs (D:3)
  4 bats (D:1)
  4 giant cockroaches
  6 goblins
  6 hobgoblins
  5 jackals (D:2)
  7 kobolds
  A frilled lizard (D:3)
  3 rats
60 creatures vanquished.

Notes
Turn   | Place    | Note
-------+----------+-------------------------------------------
     0 | D:1      | Tuck the Octopode Transmuter began the quest for the Orb.
     0 | D:1      | Reached XP level 1. HP: 13/13 MP: 3/3
   534 | D:1      | Reached XP level 2. HP: 18/18 MP: 3/5
   879 | D:1      | Reached XP level 3. HP: 23/23 MP: 6/6
  1253 | D:1      | Learned a level 2 spell: Sticks to Snakes
  1257 | D:1      | Learned a level 3 spell: Spider Form
  1939 | D:1      | Reached skill level 1 in Poison Magic
  1994 | D:1      | Noticed a kobold demonologist
  2009 | D:1      | Killed a kobold demonologist
  2009 | D:1      | Reached skill level 4 in Unarmed Combat
  2009 | D:1      | Reached XP level 4. HP: 18/28 MP: 7/7
  2009 | D:1      | Reached XP level 5. HP: 21/33 MP: 8/8
  2009 | D:1      | Reached XP level 6. HP: 24/38 MP: 9/9
  2425 | D:2      | Noticed Terence
  2437 | D:2      | Killed Terence
  3012 | D:3      | Noticed Sigmund
  3033 | D:3      | Killed Sigmund
  3033 | D:3      | Reached skill level 5 in Unarmed Combat
  3033 | D:3      | Reached XP level 7. HP: 41/45 MP: 7/10
  3076 | D:3      | HP: 2/45 [poisoned by an orc]
  3077 | D:3      | Succumbed to an orc's poison

Vault maps used:
D:1:      noname_arrival_rooms_in_the_neighbourhood, minmay_vboxes
D:2:      uniq_terence
D:3:      hex_large, uniq_sigmund

Skill      XL: |  1  2  3  4  5  6 |
---------------+-------------------+-----
Poison Magic   | 3 |  3.7
Dodging        | 4 |  4.6
Unarmed Combat | 4 5 |  5.1
Fighting       | 2 |  2.4
Transmutations | 3 |  3.4
Spellcasting   | |  2.0

Action                   |  1- 3 |  4- 6 |  7- 9 || total
-------------------------+-------+-------+-------++-------
Melee: Unarmed           |    73 |    77 |    13 ||   163
       Constrict         |    21 |     6 |       ||    27
       Tentacles         |    14 |     3 |       ||    17
       Punch             |     2 |     1 |       ||     3
       Kick              |     9 |       |       ||     9
 Cast: Beastly Appendage |     9 |       |       ||     9
       Spider Form       |       |     9 |     1 ||    10
  Use: Potion            |     2 |       |     4 ||     6
       Scroll            |       |     3 |       ||     3
 Stab: Sleeping          |     4 |     2 |       ||     6
  Eat: Chunk             |     3 |     5 |       ||     8
Armor: Skin              |    10 |     4 |       ||    14
Dodge: Dodged            |    63 |    95 |     8 ||   166
